 Dungeon Crawl Stone Soup version 0.27.1-33-g824d729ab1 (webtiles) character file.

Game seed: 14695805096297471771

5102 Doot the Destroyer (level 10, -6/73 HPs)
             Began as a Barachi Conjurer on Dec 13, 2021.
             Was a Plaything of Xom.
             Mangled by a chaos spawn (7 damage)
             ... summoned by Xom
             ... on level 8 of the Dungeon.
             The game lasted 00:16:11 (9012 turns).

Doot the Destroyer (Barachi Conjurer)               Turns: 9012, Time: 00:16:11

Health: -6/73      AC:  7    Str:  9    XL:     10   Next: 57%
Magic:  9/23       EV: 19    Int: 22    God:    Xom [......]
Gold:   347        SH:  0    Dex: 18    Spells: 16/27 levels left

rFire    . . .     SeeInvis .   t - +2 dagger (holy)
rCold    . . .     Faith    .   (no shield)
rNeg     + . .     Spirit   .   B - +3 leather armour of Resourcefulness {Rampage rElec rN+}
rPois    .         Reflect  .   w - +0 hat
rElec    +         Harm     .   (no cloak)
rCorr    .         Rampage  +   (no gloves)
Will     .....                  o - +0 pair of boots
Stlth    +++.......             r - amulet of magic regeneration
HPRegen  0.22/turn              p - +6 ring of dexterity
MPRegen  0.43/turn              x - +4 ring of slaying

@: agile, slowed, very slow
A: amphibious, slowness 1, strong legs 1, +LOS, fangs 1, hooves 1, agile 1,
sense surroundings 1
a: Hop, Renounce Religion


You were on level 8 of the Dungeon.
You worshipped Xom.
You were a very special plaything of Xom.
You visited 2 branches of the dungeon, and saw 9 of its levels.

You collected 462 gold pieces.
You spent 115 gold pieces at shops.

Inventory:

Hand Weapons
 f - a +0 war axe
 g - a +0 dagger
 j - a +2 antimagic dagger
 t - a +2 dagger of holy wrath (weapon)
Missiles
 C - a throwing net
Armour
 a - a +0 robe
 o - a +0 pair of boots (worn)
 w - a +0 hat (worn)
 B - the +3 leather armour of Resourcefulness (worn) {Rampage rElec rN+}
   (You found it on level 8 of the Dungeon)

   rElec:     It insulates you from electricity.
   rN:        It protects you from negative energy.
   Rampage:   It bestows one free step when moving towards enemies.
 E - a scarf of shadows
Jewellery
 c - an amulet of reflection
 h - an amulet of guardian spirit
 p - a +6 ring of dexterity (left hand)
 r - an amulet of magic regeneration (around neck)
 x - a +4 ring of slaying (right hand)
 G - a ring of magical power
Wands
 F - a wand of iceblast (7)
Scrolls
 b - 2 scrolls of immolation {unknown}
 d - 9 scrolls of identify
 i - a scroll of enchant armour {unknown}
 m - 2 scrolls of magic mapping {unknown}
 n - 3 scrolls of teleportation
 q - 2 scrolls of fog {unknown}
 s - a scroll of holy word {unknown}
 v - 2 scrolls of blinking
 y - a scroll of summoning {unknown}
Potions
 e - 2 potions of attraction {unknown}
 k - 3 potions of curing {unknown}
 l - 2 potions of lignification {unknown}
 z - a potion of degeneration {unknown}
 A - a potion of ambrosia {unknown}
 D - 2 potions of brilliance
Miscellaneous
 u - a box of beasts


   Skills:
 + Level 4.5 Fighting
 + Level 2.4 Short Blades
 + Level 2.7 Armour
 + Level 5.7 Dodging
 + Level 5.1 Stealth
 + Level 0.9 Shields
 + Level 9.1 Spellcasting
 + Level 10.5 Conjurations
 + Level 1.6 Translocations


You had 16 spell levels left.
You knew the following spells:

 Your Spells              Type           Power      Damage    Failure   Level
a - Magic Dart            Conj           100%       1d8       1%          1
b - Searing Ray           Conj           100%       3d7       1%          2
c - Iskenderun's Mystic   Conj/Tloc      36%        2d9       8%          4
d - Sticky Flame          Conj/Fire      33%        2d5       11%         4

Your spell library contained the following spells:

 Spells                   Type           Power      Damage    Failure   Level
 Conjure Flame            Conj/Fire      33%        6-21      3%          3
 Dazzling Flash           Conj/Hex       66%        N/A       3%          3
 Fulminant Prism          Conj/Hex       16%        3d11      11%         4
 Ignite Poison            Fire/Tmut/Pois 10%        N/A       26%         3


Dungeon Overview and Level Annotations

Branches:
Dungeon (8/15)             Temple (1/1) D:6            Lair (0/6) D:8

Altars:
Ashenzari
Cheibriados
Dithmenos
Elyvilon
Fedhas
Gozag
Hepliaklqana
Kikubaaqudgha
Makhleb
Nemelex Xobeh
Okawaru
Qazlal
Ru
Sif Muna
Trog
Uskayaw
Vehumet
Xom
Yredelemnul
Zin
The Shining One

Shops:
D:5 [[*(?   D:7 =


Innate Abilities, Weirdness & Mutations

You are amphibious.
You cover ground slowly.
You can hop short distances.
You have an extended range of vision and can be seen from far away.
You have very sharp teeth.
You have large cloven feet.
You are agile. (Dex +2)
You passively map a small area around you.


Message History

Your Armour skill increases to level 2!
Your Stealth skill increases to level 5!
Your Spellcasting skill increases to level 9!
Unknown command.
The chaos spawn is engulfed in seething chaos.
The chaos spawn seems to grow stronger.
The chaos spawn hits you.
* * * LOW HITPOINT WARNING * * *
Things that are here:
a +1 hat; the elephant slug corpse of Gastronok Unknown command.
Casting: Searing Ray (safe; 1% risk of failure)
Confirm with . or Enter, or press ? or * to list all spells.
Aiming: Searing Ray (safe; 1% risk of failure)
Press: ? - help, Shift-Dir - straight line, f - chaos spawn
Aim: a chaos spawn (summoned, strong, 79% to hit)
The searing ray hits the chaos spawn!
The chaos spawn is moderately wounded.
The searing ray hits the shadow imp!
The shadow imp is severely wounded. (Press . to maintain the ray.)
The shadow imp is engulfed in seething chaos.
The shadow imp suddenly stops moving!
The chaos spawn completely misses you.
The shadow imp is engulfed in seething chaos.
The chaos spawn gores you but does no damage.
Unknown command.
The searing ray misses the chaos spawn.
The searing ray hits the shadow imp!
You kill the shadow imp!
The shadow imp degenerates into a cloud of primal chaos!
The chaos spawn hits you.
* * * LOW HITPOINT WARNING * * *
Unknown command.
The searing ray hits the chaos spawn!
The chaos spawn is heavily wounded.
The chaos spawn barely misses you.
The chaos spawn gibbers incoherently in a cacophony of voices.
The chaos spawn hits you!
* * * LOW HITPOINT WARNING * * *
Xom is highly amused!
You are engulfed in flames!
You die...

....>............#
#.##'###########.#
#.#....# #.#
#.#....# #.#
#[#....# #.#
#.#....# #.#
#.##'### #ยง#
..##.# #4# ####.##
#@# ......# #.#
####..# #.# #..##
#.# #...# #.#
######.# #.#
PPPP##.# ..#
.PPPP#.# ###
.PP....#


You could see a chaos spawn (summoned, strong).

Vanquished Creatures
  Gastronok (D:8)
  A komodo dragon (D:8)
  4 yaks (D:8)
  A water moccasin (D:7)
  A hornet zombie (D:8)
  3 orc warriors
  2 ice beasts
  An ogre (D:5)
  A necrophage (D:8)
  3 phantoms
  A kobold brigand (D:7)
  A gnoll sergeant (D:6)
  A wyvern zombie (D:6)
  3 scorpions
  2 water moccasin skeletons
  5 wights (D:6)
  A hound (D:7)
  3 jellies
  2 bullfrog skeletons
  3 orc priests
  A centaur skeleton (D:7)
  A centaur zombie (D:8)
  2 gnoll shamans (D:8)
  2 iguanas
  7 orc wizards
  A hound zombie (D:5)
  19 gnolls
  8 adders
  2 white imps
  An ufetubus (D:4)
  An adder skeleton (D:4)
  A worm (D:2)
  A dart slug (D:4)
  28 orcs
  8 endoplasms
  2 giant cockroaches
  14 goblins
  11 hobgoblins
  A jackal (D:4)
  A quokka (D:4)
  9 ball pythons
  3 frilled lizards
  6 kobolds
  4 rats
174 creatures vanquished.

Vanquished Creatures (others)
  12 plants (D:8)
12 creatures vanquished.

Grand Total: 186 creatures vanquished

Notes
Turn   | Place    | Note
-------+----------+-------------------------------------------
     0 | D:1      | Doot the Barachi Conjurer began the quest for the Orb.
     0 | D:1      | Reached XP level 1. HP: 13/13 MP: 3/3
     2 | D:1      | Noticed a demigod
     2 | D:1      | Noticed a vampire
     4 | D:1      | Noticed a merfolk
     4 | D:1      | Noticed a minotaur
     6 | D:1      | Noticed a dwarf
     8 | D:1      | Noticed a demonspawn
     8 | D:1      | Noticed an ogre
    10 | D:1      | Noticed a tengu
    10 | D:1      | Noticed a draconian
    12 | D:1      | Noticed a human
    14 | D:1      | Noticed a djinni
    14 | D:1      | Noticed an octopode
    16 | D:1      | Noticed an elf
    18 | D:1      | Noticed a felid
    18 | D:1      | Noticed a troll
    20 | D:1      | Noticed a gargoyle
    20 | D:1      | Noticed a formicid
    22 | D:1      | Noticed a palentonga
    22 | D:1      | Noticed a naga
    24 | D:1      | Noticed a spriggan
    24 | D:1      | Noticed a barachi
    26 | D:1      | Noticed a vine stalker
    26 | D:1      | Noticed a ghoul
   364 | D:1      | Reached XP level 2. HP: 19/19 MP: 1/5
   393 | D:1      | Learned a level 2 spell: Searing Ray
   505 | D:1      | Found a faded altar of an unknown god.
   726 | D:1      | Reached skill level 5 in Conjurations
   960 | D:1      | Reached XP level 3. HP: 24/24 MP: 3/6
  1589 | D:2      | Reached XP level 4. HP: 30/30 MP: 5/7
  2382 | D:3      | Learned a level 4 spell: Iskenderun's Mystic Blast
  2480 | D:3      | Reached XP level 5. HP: 26/35 MP: 1/9
  2816 | D:4      | Reached skill level 6 in Conjurations
  3278 | D:4      | Reached XP level 6. HP: 34/41 MP: 6/11
  4056 | D:4      | Reached skill level 7 in Conjurations
  4185 | D:4      | Reached XP level 7. HP: 47/47 MP: 6/13
  4347 | D:4      | Reached skill level 1 in Fighting
  4601 | D:5      | Entered Level 5 of the Dungeon
  4652 | D:5      | Learned a level 4 spell: Sticky Flame
  4653 | D:5      | Found Somagriw's Magic Scroll Emporium.
  4659 | D:5      | Bought a scroll of teleportation for 33 gold pieces
  4659 | D:5      | Bought a scroll of blinking for 82 gold pieces
  4814 | D:5      | Found Qoycec's Antique Armour Shop.
  4974 | D:5      | Found Buen's Antique Weapon Emporium.
  4980 | D:5      | Reached skill level 5 in Spellcasting
  5172 | D:5      | Found Bagot's Armour Shoppe.
  5394 | D:5      | Found Oliurirr's General Store.
  5431 | D:6      | Found a staircase to the Ecumenical Temple.
  5447 | D:6      | Reached XP level 8. HP: 13/56 MP: 4/16
  5455 | Temple   | Entered the Ecumenical Temple
  5781 | Temple   | Became a worshipper of Xom of Chaos
  6339 | D:6      | Reached skill level 8 in Conjurations
  6377 | D:6      | XOM: 1-stop teleportation journey
  6479 | D:6      | XOM: divination: detect creatures
  6487 | D:6      | Reached skill level 1 in Translocations
  6617 | D:6      | XOM is BORED!
  6617 | D:6      | XOM: stat loss: -3 Int (18/21)
  6754 | D:6      | Reached skill level 1 in Short Blades
  7179 | D:6      | XOM: scenery: summon butterflies
  7292 | D:6      | XOM: give mutations
  7292 | D:6      | Gained mutation: You are agile. (Dex +2) [Xom's grace]
  7292 | D:6      | Gained mutation: You have very sharp teeth. [Xom's grace]
  7371 | D:6      | XOM: scenery: summon butterflies
  7449 | D:7      | Reached XP level 9. HP: 62/62 MP: 15/19
  7453 | D:7      | XOM: scenery: create altars
  7522 | D:7      | Found Juarasekh's Jewellery Boutique.
  7592 | D:7      | XOM: give mutations
  7592 | D:7      | Gained mutation: You passively map a small area around you.
                  | [Xom's grace]
  7592 | D:7      | Gained mutation: You have large cloven feet. [Xom's grace]
  7741 | D:7      | XOM: fog
  7745 | D:7      | XOM: fog
  7747 | D:7      | XOM: scenery: create altars
  7749 | D:7      | XOM: confuse monster(s)
  7754 | D:7      | Reached skill level 9 in Conjurations
  7845 | D:7      | You fall into a shaft and drop 1 floor!
  7931 | D:8      | XOM: confuse monster(s)
  8005 | D:8      | Identified the +3 leather armour of Resourcefulness
                  | {Rampage rElec rN+}
  8013 | D:8      | XOM: cast spell 'Metabolic Englaciation'
  8105 | D:8      | Found a staircase to the Lair.
  8107 | D:8      | Noticed a komodo dragon
  8122 | D:8      | Killed a komodo dragon
  8123 | D:8      | Reached skill level 5 in Dodging
  8474 | D:8      | Reached XP level 10. HP: 71/71 MP: 18/22
  8476 | D:8      | Reached skill level 1 in Armour
  8691 | D:8      | Reached skill level 10 in Conjurations
  8695 | D:8      | XOM: god gift: 2 sapphire potions {god gift}
  8723 | D:8      | XOM: god gift: wand of iceblast (7)
  8989 | D:8      | Noticed Gastronok
  8996 | D:8      | XOM: confuse monster(s)
  8999 | D:8      | XOM: blink monster(s)
  9001 | D:8      | XOM: summons 4 hostile demons
  9003 | D:8      | XOM: enchant monster (bad)
  9004 | D:8      | XOM: chaos cloud
  9007 | D:8      | Killed Gastronok
  9008 | D:8      | Reached skill level 5 in Stealth
  9012 | D:8      | HP: 1/73 [chaos spawn[Xom] (10)]
  9012 | D:8      | Mangled by a chaos spawn

Illustrated notes

Levels and vault maps discovered:
D:1:      kb_arrival_jail, layout_rooms, ebering_ecumenical_altar_box,
          ebering_dispersal_statue_hall
D:2:      layout_rooms
D:3:      layout_basic
D:4:      minmay_octagon_keep, layout_basic, serial_bayou_crossing
D:5:      layout_basic, serial_shops, kennysheep_little_box, shop_coins,
          kennysheep_mini_moat, shop, nicolae_take_the_stairs
D:6:      layout_loops_ring, minmay_temple_entry_statues_fountains
D:7:      layout_rooms, serial_shops, shop_fountains
D:8:      layout_basic, david_lair_shrubbed, serial_bayou_pond_e, uniq_gastronok
Temple:   kilobyte_greek_temple

Skill      XL: |  1  2  3  4  5  6  7  8  9 10 |
---------------+-------------------------------+-----
Conjurations   | 5 6 7 8 9 10 | 10.5
Stealth        | 2 3 4 5 |  5.1
Spellcasting   | 3 4 5 6 8 9 |  9.1
Fighting       | 1 2 3 4 |  4.5
Dodging        | 3 4 5 |  5.7
Translocations | 1 |  1.6
Short Blades   | 1 2 |  2.4
Armour         | 2 |  2.7
Shields        | |  0.9

Action                   |  1- 3 |  4- 6 |  7- 9 | 10-12 || total
-------------------------+-------+-------+-------+-------++-------
Melee: Dagger            |     8 |     2 |    12 |       ||    22
       Bite              |       |       |     1 |       ||     1
 Cast: Magic Dart        |    43 |    47 |     3 |     3 ||    96
       Searing Ray       |    13 |    17 |    72 |    14 ||   116
       Iskenderun's Myst |       |       |     7 |     2 ||     9
  Use: Scroll            |       |       |       |     1 ||     1
Armor: Robe              |       |     1 |     9 |       ||    10
       Leather armour    |       |       |     2 |     5 ||     7
Dodge: Dodged            |    13 |    22 |    65 |     9 ||   109
Block: Other             |     4 |     3 |       |       ||     7
